 Dungeon Crawl Stone Soup version 0.26.0-18-gc5c842f807 (webtiles) character file.

Game seed: 2745599871835305500

1791864 KamiKatze the Hoplite (level 27, 128/212 HPs)
             Began as a Deep Dwarf Fighter on Jan 22, 2021.
             Was a High Priest of Makhleb.
             Escaped with the Orb
             ... and 3 runes on Jan 24, 2021!
             The game lasted 06:25:13 (63841 turns).

KamiKatze the Hoplite (Deep Dwarf Fighter)         Turns: 63841, Time: 06:25:14

Health: 128/212    AC: 42    Str: 34      XL:     27
Magic:  26/26      EV: 17    Int: 12 (13) God:    Makhleb [*****.]
Gold:   954        SH: 37    Dex: 11 (12) Spells: 26/26 levels left

rFire    + . .     SeeInvis +   a - +9 morningstar (vamp)
rCold    + . .     Faith    .   E - +1 tower shield {AC+3}
rNeg     + . .     Spirit   .   k - +11 gold dragon scales
rPois    +         Reflect  +   u - +0 helmet of the Blind Marksman {rElec}
rElec    +         Harm     .   z - scarf {repulsion}
rCorr    +         Rampage  .   l - +2 pair of gloves {Str+3}
Will     ++++.     Rnd*Rage +   y - +1 pair of boots Stlth ..........Rnd*Tele +
                                F - amulet of reflection
HPRegen  0.00/turn              r - ring of resist corrosion
MPRegen  0.20/turn              C - ring of see invisible

@: non-regenerating, repel missiles
A: damage resistance, heal wounds, claws 1, talons 2, large bone plates 1,
berserk 2, blurry vision 2, clever 1, deformed body, deterioration 2, frail 2,
negative energy resistance 1, sense surroundings 3, shaggy fur 1, teleportitis
1, subdued magic 1, MP-powered wands, no regeneration
0: Orb of Zot
}: 3/15 runes: serpentine, barnacled, silver
a: Heal Wounds, Renounce Religion, Minor Destruction, Lesser Servant of Makhleb,
Major Destruction, Greater Servant of Makhleb


You escaped.
You worshipped Makhleb.
Makhleb was extremely pleased with you.
You visited 10 branches of the dungeon, and saw 49 of its levels.
You visited 1 bazaar.
You also visited: Bailey, Ice Cave and Wizlab.

You collected 7163 gold pieces.
You spent 6209 gold pieces at shops.

Inventory:

Hand Weapons
 a - a +9 vampiric morningstar (weapon)
 b - a +7 broad axe of electrocution
 q - a +8 vorpal broad axe
 w - a +4 morningstar of holy wrath
Missiles
 p - 16 throwing nets (quivered)
Armour
 k - +11 gold dragon scales (worn)
 l - a +2 pair of gloves of strength (worn)
 u - the +0 helmet of the Blind Marksman (worn) {rElec}
   (You bought it in a shop in a bazaar)

   It insulates you from electricity.
 y - a +1 pair of boots (worn)
 z - a scarf of repulsion (worn)
 E - a +1 tower shield of protection (worn)
 U - the +0 helmet of Resourcefulness {Will+ Str+4 Dex+2}
   (You bought it in a shop in a bazaar)

   It affects your strength (+4).
   It affects your dexterity (+2).
   It affects your willpower, your defense against some magical effects.
Jewellery
 r - a ring of resist corrosion (left hand)
 C - a ring of see invisible (right hand)
 F - an amulet of reflection (around neck)
 T - an uncursed ring of protection from fire
 V - a +4 ring of slaying
Wands
 d - a wand of acid (20)
 s - a wand of disintegration (87)
 t - a wand of digging (25)
 I - a wand of paralysis (37)
 K - a wand of enslavement (54)
 L - a wand of flame (50)
 Z - a wand of iceblast (9)
Scrolls
 c - 19 scrolls of identify
 g - 6 scrolls of fog
 v - 2 scrolls of silence
 J - 6 scrolls of holy word
 O - 3 scrolls of summoning
 P - 2 scrolls of blinking
 Q - 3 scrolls of magic mapping
 W - 30 scrolls of teleportation
 X - a scroll of fear
 Y - 20 scrolls of remove curse
Potions
 f - 6 potions of resistance
 i - 6 potions of flight
 m - 7 potions of haste
 n - 5 potions of might
 o - 21 potions of heal wounds
 x - 20 potions of curing
 A - 7 potions of berserk rage
 B - 18 potions of lignification
 D - 10 potions of attraction
 G - 7 potions of invisibility
 M - 2 potions of cancellation
 S - a potion of brilliance
Miscellaneous
 e - a lightning rod (4/4)
 h - a phantom mirror
 H - a condenser vane
 R - a phial of floods


   Skills:
 * Level 19.4 Fighting
 - Level 17.8(20.0) Axes
 - Level 15.1(17.9) Maces & Flails
 - Level 2.0 Throwing
 * Level 22.4 Armour
 * Level 20.7 Dodging
 - Level 25.0 Shields
 * Level 22.2 Invocations
 + Level 15.2 Evocations


You had 26 spell levels left.
You didn't know any spells.
Your spell library contained the following spells:

 Spells                   Type           Power        Failure   Level
 Animate Skeleton         Necr           0%           89%         1
 Apportation              Tloc           0%           89%         1
 Beastly Appendage        Tmut           0%           89%         1
 Corona                   Hex            0%           89%         1
 Magic Dart               Conj           0%           89%         1
 Pain                     Necr           0%           89%         1
 Sting                    Tmut/Pois      0%           89%         1
 Summon Small Mammal      Summ           0%           89%         1
 Blink                    Tloc           N/A          96%         2
 Call Imp                 Summ           0%           96%         2
 Corpse Rot               Necr/Air       N/A          96%         2
 Ensorcelled Hibernation  Hex/Ice        0%           96%         2
 Passwall                 Tmut/Erth      0%           96%         2
 Poisonous Vapours        Pois/Air       0%           96%         2
 Slow                     Hex            0%           96%         2
 Sublimation of Blood     Necr           0%           96%         2
 Swiftness                Air            0%           96%         2
 Wereblood                Tmut           0%           96%         2
 Call Canine Familiar     Summ           0%           99%         3
 Confusing Touch          Hex            0%           99%         3
 Conjure Flame            Conj/Fire      0%           99%         3
 Dazzling Flash           Conj/Hex       0%           99%         3
 Ignite Poison            Fire/Tmut/Pois 0%           99%         3
 Mephitic Cloud           Conj/Pois/Air  0%           99%         3
 Spider Form              Tmut/Pois      0%           99%         3
 Summon Guardian Golem    Hex/Summ       0%           99%         3
 Tukima's Dance           Hex            0%           99%         3
 Airstrike                Air            0%           100%        4
 Animate Dead             Necr           0%           100%        4
 Dispel Undead            Necr           0%           100%        4
 Ice Form                 Ice/Tmut       0%           100%        4
 Leda's Liquefaction      Hex/Erth       0%           100%        4
 Olgreb's Toxic Radiance  Pois           0%           100%        4
 Passage of Golubria      Tloc           N/A          100%        4
 Summon Ice Beast         Ice/Summ       0%           100%        4
 Summon Lightning Spire   Summ/Air       0%           100%        4
 Agony                    Necr           0%           100%        5
 Blade Hands              Tmut           0%           100%        5
 Bolt of Magma            Conj/Fire/Erth 0%           100%        5
 Borgnjor's Vile Clutch   Necr/Erth      0%           100%        5
 Excruciating Wounds      Necr           0%           100%        5
 Fireball                 Conj/Fire      0%           100%        5
 Iskenderun's Battlesphe  Conj           0%           100%        5
 Lee's Rapid Deconstruct  Erth           0%           100%        5
 Lightning Bolt           Conj/Air       0%           100%        5
 Silence                  Hex/Air        0%           100%        5
 Summon Forest            Summ/Tloc      0%           100%        5
 Summon Mana Viper        Hex/Summ       0%           100%        5
 Yara's Violent Unravell  Hex/Tmut       0%           100%        5
 Conjure Ball Lightning   Conj/Air       0%           100%        6
 Death Channel            Necr           0%           100%        6
 Freezing Cloud           Conj/Ice/Air   0%           100%        6
 Invisibility             Hex            0%           100%        6
 Iron Shot                Conj/Erth      0%           100%        6
 Shadow Creatures         Summ           N/A          100%        6
 Simulacrum               Ice/Necr       0%           100%        6
 Starburst                Conj/Fire      0%           100%        6
 Statue Form              Tmut/Erth      0%           100%        6
 Orb of Destruction       Conj           0%           100%        7
 Spellforged Servitor     Conj/Summ      0%           100%        7
 Summon Hydra             Summ           0%           100%        7
 Ignition                 Fire           0%           100%        8
 Dragon's Call            Summ           0%           100%        9
 Shatter                  Erth           0%           100%        9
 Tornado                  Air            0%           100%        9


Dungeon Overview and Level Annotations

Branches:
Dungeon (15/15)            Temple (1/1) D:6            Lair (6/6) D:8
 Shoals (4/4) Lair:3        Snake (4/4) Lair:2        Slime (0/5) Lair:6
    Orc (2/2) D:11            Elf (2/3) Orc:2        Vaults (5/5) D:13
  Crypt (0/3) Vaults:3     Depths (5/5) D:15            Zot (5/5) Depths:5
 Bailey (visited)           IceCv (visited)          WizLab (visited)

Altars:
Ashenzari
Cheibriados
Dithmenos
Elyvilon
Fedhas
Gozag
Hepliaklqana
Kikubaaqudgha
Makhleb
Nemelex Xobeh
Okawaru
Qazlal
Ru
Sif Muna
Trog
Uskayaw
Vehumet
Wu Jian
Xom
Yredelemnul
Zin
The Shining One
Beogh
Lugonu

Shops:
D:8 [   D:9 (   Orc:1 *   Orc:2 *}**   Vaults:1 [   Vaults:4 *   Vaults:5 :
Depths:1 !*

Portals:
Hell: Depths:1 Depths:2 Depths:3 Depths:4 Depths:5
Abyss: D:4 Depths:2 Depths:4
Pandemonium: Depths:3 Depths:4 Depths:5
Ziggurat: Depths:4
Trove: Vaults:4 (give +3 fire dragon scales)

Annotations:
Shoals:2 1 runed translucent door
Snake:1 Roxanne
Elf:2 5 runed translucent doors, exclusion: 5 doors
Depths:3 1 transporter
Zot:1 , 2 transporters, Netemen's ghost, master GnFi
Zot:5 exclusion: obsidian statue


Innate Abilities, Weirdness & Mutations

You are resistant to damage.
You can heal yourself by infusing magical energy.
You resist negative energy. (rN+)
You passively map a large area around you.
You do not regenerate.
You have sharp fingernails.
You have razor-sharp toenails.
You are partially covered in large bone plates. (SH +4)
You often lose your temper in combat.
Scrolls take you longer to read.
Your mind is acute. (Int +2)
Armour fits poorly on your strangely shaped body.
Your body often deteriorates upon taking damage.
You are very frail. (-20% HP)
You are covered in fur. (AC +1)
You are occasionally teleported next to monsters.
Your spells are a little easier to cast, but a little less powerful.
You expend magic power (3 MP) to strengthen your wands.


Message History

There is a stone staircase leading up, spattered with blood here.
Your extra speed is starting to run out.
You climb upwards.
There is a stone staircase leading down here.
You feel yourself slow down.
There is a stone staircase leading up here.
You climb upwards.
There is a stone staircase leading down here.
There is a stone staircase leading up here.
You climb upwards.
There is a stone staircase leading down here.
A Tzitzimitl comes into view.
The Tzitzimitl roars!
You open the large door.
There is a large open door here.
The Tzitzimitl calls on the powers of darkness!
Your body is wracked with pain!
Your body deteriorates!
You feel clumsy.
There is a staircase leading out of the dungeon here.
You have escaped!

###..###.## #..####...###...
##........# ##..#####.......
#.........## ##..# #..#...#
...........# ###########..)...#
....)......# #........#..#.#.##
...........#####...##...'.......#
#.............##......1.'..###...
##.P.#.÷>####..#........#..#####.
..PP..##.# ####@.......#........
.P♣♣PP##.# #..#........#..######
PP♣P♣..#.# #..#........'..#
..♣♣PP...# #..#...##...'..#
.♣♣♣♣...#####..#........#..###
P♣.♣...........###########...####
...♣...######.......# #.#....♣
.#.#.### #.......# #######♣
.....# #.......# ♣


You could see a Tzitzimitl.

Vanquished Creatures
  A pandemonium lord (D:14)
  9 orbs of fire
  3 ancient liches
  A juggernaut (Depths:4)
  A shard shrike (Zot:1)
  A Killer Klown (Zot:5)
  A curse toe (Zot:3)
  Vashnia (Snake:4)
  A caustic shrike (Depths:1)
  7 golden dragons
  Nikola (Depths:3)
  A Tzitzimitl (D:12)
  7 electric golems
  21 tentacled monstrosities
  24 Orb Guardians
  An Ice Fiend (D:8)
  Rupert (Snake:1)
  A titan (Vaults:5)
  3 quicksilver dragons
  A lich (Depths:1)
  4 sphinxes
  15 death cobs
  Gastronok (D:12)
  17 storm dragons
  Ilsuiw (Shoals:2)
  10 shadow dragons
  Donald (Snake:1)
  5 tengu reavers
  11 draconian monks
  18 nagarajas
  7 fire giants
  4 draconian knights
  A deep elf sorcerer (Depths:2)
  2 ghost moths (Zot:4)
  2 iron dragons
  5 draconian shifters
  3 draconian scorchers
  8 frost giants
  19 vault wardens
  8 draconian stormcallers
  2 balrugs
  6 draconian annihilators
  17 ironheart preservers
  A reaper (D:12)
  33 very ugly things
  A war gargoyle (Vaults:5)
  The ghost of Vufrucs the Grappler, a journeyman DrTm of Wu Jian (Lair:4)
  Nessos (Lair:5)
  6 deep elf demonologists
  2 vampire knights
  14 green draconians
  9 purple draconians
  13 white draconians
  14 black draconians
  15 stone giants
  A deep elf annihilator (Vaults:5)
  10 yellow draconians
  14 red draconians
  Snorg (Orc:2)
  5 spark wasps
  The ghost of Ined the Severer, a journeyman MiBe of Trog (D:13)
  7 merfolk javelineers
  2 deep elf death magi (Vaults:5)
  4 blizzard demons
  An ettin (shapeshifter) (Vaults:5)
  A crystal guardian (Vaults:3)
  12 ettins
  A green death (Zot:1)
  11 merfolk impalers
  8 fire dragons
  Josephine (D:12)
  A deep elf high priest (Vaults:5)
  13 ice dragons
  20 yaktaur captains
  4 great orbs of eyes
  10 rakshasas
  25 naga warriors
  36 vault guards
  The ghost of flt the Nimble, a journeyman MfCj of Vehumet (D:12)
  5 hydras
  Harold (D:7)
  4 spriggan air magi
  6 anacondas
  Erolcha (D:12)
  14 centaur warriors
  7 boulder beetles
  2 alligator snapping turtles
  3 death knights
  3 ghost crabs (WizLab)
  3 catoblepae
  A merfolk avatar (Shoals:1)
  49 two-headed ogres
  18 ogre magi
  4 satyrs
  8 deep troll shamans
  4 merfolk aquamancers
  16 dancing weapons
  A vampire mage (Depths:2)
  5 deep troll earth magi
  6 tengu warriors
  7 death yaks
  7 shock serpents
  4 spriggan berserkers
  20 naga sharpshooters
  A shock serpent (shapeshifter) (Vaults:5)
  3 sun demons
  10 deep elf knights
  4 skeletal warriors (D:13)
  The ghost of mojasp the Fighter, a novice DsFi of Okawaru (D:9)
  The ghost of Zero the Jinx, a novice SpEn of Gozag (Lair:1)
  10 hell knights
  A shadow wraith (Vaults:5)
  An unseen horror (shapeshifter) (Elf:1)
  8 wizards
  2 death drakes (WizLab)
  4 iron trolls
  17 deep trolls
  7 naga ritualists
  8 sea snakes
  7 glowing orange brains
  A torturous demonspawn (D:12)
  2 unseen horrors (D:14)
  A flayed ghost (Depths:2)
  17 ironbrand convokers
  23 orc knights
  A shadow demon (D:8)
  12 mana vipers
  A lindwurm (shapeshifter) (Vaults:4)
  2 infernal demonspawn
  14 deep elf archers
  5 necromancers
  15 oklob plants
  11 harpies
  5 phantasmal warriors
  46 ugly things
  2 lindwurms (Depths:2)
  5 wolf spiders
  37 moths of wrath
  14 cyclopes
  6 orc sorcerers
  36 deep elf magi
  12 fauns
  3 salamanders
  A frost giant skeleton (Vaults:4)
  2 centaur zombies
  9 elephants
  17 manticores
  5 water nymphs
  11 vault sentinels
  55 black mambas
  8 merfolk sirens
  4 guardian serpents
  A water nymph (shapeshifter) (Vaults:5)
  An ice statue (IceCv)
  A rust devil (Depths:4)
  17 naga magi
  12 cane toads
  2 apocalypse crabs (WizLab)
  4 molten gargoyles (Elf:1)
  An orange demon (Depths:5)
  2 gargoyles
  7 rime drakes
  A rime drake (shapeshifter) (Vaults:3)
  A kobold demonologist (D:14)
  A komodo dragon (shapeshifter) (Depths:2)
  59 yaktaurs
  An efreet (D:14)
  11 komodo dragons
  A hellwing (D:13)
  2 freezing wraiths
  3 human skeletons
  A queen bee (shapeshifter) (Vaults:5)
  5 tengu conjurers
  3 trolls
  A wind drake (shapeshifter) (Vaults:4)
  A meliai (D:13)
  4 red devils
  A polar bear (shapeshifter) (D:14)
  5 hornets
  35 merfolk
  20 polar bears
  Prince Ribbit (D:6)
  A meliai (shapeshifter) (Vaults:3)
  2 hornets (shapeshifter)
  26 slime creatures
  16 blink frogs
  10 wind drakes
  4 snapping turtles
  A raiju (shapeshifter) (Depths:4)
  A stone giant simulacrum (Vaults:5)
  A meliai zombie (D:15)
  3 dream sheep (Shoals:1)
  12 water elementals
  Sigmund (D:6)
  3 spriggans
  11 air elementals
  A shadow (D:14)
  A wyvern (D:8)
  65 yaks
  5 wraiths
  A yak (shapeshifter) (Depths:3)
  The ghost of Majorwet the Chopper, an amateur HOFi (D:3)
  A ynoxinul (Depths:4)
  A basilisk (shapeshifter) (Vaults:3)
  A fire elemental (Elf:2)
  3 basilisks
  A steam dragon (D:9)
  5 wargs
  A chaos spawn (D:14)
  4 neqoxecs
  5 vampire mosquitoes (D:14)
  Edmund (D:5)
  80 nagas
  A soldier ant (D:14)
  A water moccasin (shapeshifter) (D:15)
  A floating eye (Depths:4)
  20 water moccasins
  An acid dragon (D:15)
  A deep troll skeleton (Vaults:4)
  A swamp drake (shapeshifter) (Vaults:2)
  37 orc warriors
  10 ice beasts
  2 hornet zombies
  2 swamp drakes (Depths:2)
  9 black bears
  A necrophage (D:9)
  14 boggarts
  2 sky beasts
  An eye of draining (D:11)
  A human zombie (Vaults:5)
  8 phantoms
  35 centaurs
  73 ogres
  42 wolves
  4 big kobolds
  An earth elemental (Elf:2)
  21 bullfrogs
  2 wyvern zombies
  A glowing shapeshifter simulacrum (Vaults:1)
  A wyvern skeleton (D:14)
  A water moccasin skeleton (D:7)
  19 killer bees
  20 wights
  6 howler monkeys
  An electric eel (Vaults:4)
  2 human simulacra
  5 bullfrog zombies
  6 quasits
  19 orc priests
  5 jellies
  3 hounds
  Crazy Yiuf (D:7)
  3 bullfrog skeletons
  12 centaur skeletons
  5 iguanas
  Natasha (thrice) (D:4)
  31 orc wizards
  5 worker ants
  2 hound skeletons (D:4)
  A howler monkey zombie (D:9)
  14 adders
  12 gnolls
  4 shadow imps
  6 white imps
  6 ufetubi
  An ooze (D:3)
  An adder skeleton (D:4)
  An adder zombie (D:6)
  6 worms
  2 dart slugs
  5 leopard geckos
  109 orcs
  6 bats
  A giant cockroach (D:2)
  3 hobgoblins
  20 jackals
  27 kobolds
  3 quokkas
  8 frilled lizards
  14 goblins
  A jackal skeleton (D:8)
  A leopard gecko skeleton (D:4)
  12 rats
  A lurking horror (D:4)
2402 creatures vanquished.

Vanquished Creatures (collateral kills)
  2 orbs of fire (Zot:5)
  A pandemonium lord (Zot:1)
  Saint Roka (Vaults:4)
  An iron giant (Zot:5)
  2 Orb Guardians (Zot:5)
  A tengu reaver (Vaults:4)
  A storm dragon (Zot:5)
  A vault warden (Vaults:4)
  Aizul (Snake:1)
  A vault guard (Vaults:4)
  An anaconda (Snake:1)
  A deep troll earth mage (Vaults:4)
  An infernal demonspawn (Zot:1)
  A naga ritualist (Snake:1)
  A glowing orange brain (Vaults:4)
  An ironbrand convoker (Vaults:4)
  A moth of wrath (Zot:5)
  2 black mambas (Snake:1)
  A vault sentinel (Vaults:4)
  2 yaktaurs (Vaults:4)
  2 freezing wraiths (Vaults:4)
  A red devil (Zot:1)
  2 nagas (Snake:1)
  2 wargs (Vaults:4)
  2 orc warriors (Vaults:4)
  2 orcs (Vaults:4)
35 creatures vanquished.

Vanquished Creatures (others)
  A golden dragon (Zot:4)
  A Cloud Mage (WizLab)
  A death cob (Zot:4)
  A fire giant (Depths:4)
  A draconian knight (Zot:5)
  A frost giant (Vaults:5)
  A draconian stormcaller (Zot:3)
  A deep elf annihilator (Vaults:5)
  A blizzard demon (Depths:4)
  A merfolk javelineer (Shoals:4)
  2 spriggan air magi (WizLab)
  A naga warrior (Snake:2)
  A shock serpent (WizLab)
  A naga sharpshooter (Snake:3)
  2 deep elf knights (Elf:1)
  A death drake (WizLab)
  A manticore (Shoals:1)
  An apocalypse crab (WizLab)
  A molten gargoyle (Elf:1)
  A naga mage (Snake:1)
  A tormentor (Zot:5)
  A polar bear (IceCv)
  2 yaks (IceCv)
  A naga (Snake:3)
  A human (D:10)
  A shadow imp (Zot:1)
  25 fungi
  107 plants
161 creatures vanquished.

Grand Total: 2598 creatures vanquished

Notes
Turn   | Place    | Note
-------+----------+-------------------------------------------
     0 | D:1      | KamiKatze the Deep Dwarf Fighter began the quest for the
                  | Orb.
     0 | D:1      | Reached XP level 1. HP: 20/20 MP: 1/1
   137 | D:1      | Reached XP level 2. HP: 25/27 MP: 2/2
   309 | D:1      | Reached skill level 1 in Dodging
   765 | D:2      | Noticed a phantom
   832 | D:2      | Reached XP level 3. HP: 16/33 MP: 3/3
  1061 | D:2      | Reached XP level 4. HP: 41/42 MP: 4/4
  1506 | D:2      | Killed a phantom
  1507 | D:2      | Reached skill level 1 in Throwing
  1507 | D:2      | Reached skill level 4 in Shields
  1507 | D:2      | Reached XP level 5. HP: 20/49 MP: 5/5
  1864 | D:3      | Found a runed translucent gate.
  1864 | D:3      | Found a runed translucent gate.
  1864 | D:3      | Found a runed translucent gate.
  1866 | D:3      | Found an opulent altar of Gozag.
  1867 | D:3      | Noticed Majorwet's ghost (amateur HOFi)
  2424 | D:4      | Reached XP level 6. HP: 24/56 MP: 5/5
  2661 | D:4      | Found a one-way gate to the infinite horrors of the Abyss.
  2727 | D:4      | Found a corrupted altar of Lugonu.
  2793 | D:4      | Noticed Natasha
  2805 | D:4      | Killed Natasha
  2860 | D:4      | Noticed Natasha
  2878 | D:4      | Reached skill level 5 in Axes
  3003 | D:4      | Killed Natasha
  3004 | D:4      | Reached XP level 7. HP: 35/63 MP: 6/6
  3242 | D:4      | Noticed Natasha
  3251 | D:4      | Killed Natasha
  3353 | D:5      | Entered Level 5 of the Dungeon
  3734 | D:5      | Reached skill level 1 in Evocations
  3943 | D:5      | Reached skill level 5 in Armour
  3943 | D:5      | Reached skill level 5 in Shields
  4009 | D:5      | Noticed Edmund
  4501 | D:6      | Reached XP level 8. HP: 29/72 MP: 7/7
  4529 | D:6      | Noticed Prince Ribbit
  4651 | D:5      | Killed Edmund
  4759 | D:5      | HP: 3/73 [orc warrior/+0 dire flail (20)]
  4897 | D:6      | Noticed Sigmund
  4955 | D:6      | Killed Prince Ribbit
  4956 | D:6      | Reached skill level 5 in Fighting
  4956 | D:6      | Reached skill level 6 in Shields
  5027 | D:6      | Found a staircase to the Ecumenical Temple.
  5035 | Temple   | Entered the Ecumenical Temple
  5135 | Temple   | Became a worshipper of Makhleb the Destroyer
  5252 | D:6      | Gained mutation: You passively map the area around you.
                  | [Deep Dwarf growth]
  5252 | D:6      | Reached XP level 9. HP: 50/81 MP: 5/5
  5280 | D:6      | Killed Sigmund
  5661 | D:6      | Found a glowing silver altar of Zin.
  5662 | D:6      | Noticed an angel
  5985 | D:7      | Noticed Harold
  6016 | D:7      | Killed Harold
  6152 | D:7      | Reached * piety under Makhleb
  6204 | D:7      | Found a runed translucent door.
  6205 | D:7      | Noticed Crazy Yiuf
  6211 | D:7      | Killed Crazy Yiuf
  6555 | D:7      | Reached skill level 7 in Shields
  6662 | D:8      | Found a staircase to the Lair.
  6714 | D:8      | Found Hyuga's Antique Armour Emporium.
  6983 | D:8      | Found a flagged portal.
  7008 | Bailey   | Entered a bailey
  7231 | D:9      | Reached XP level 10. HP: 45/91 MP: 4/4
  7285 | D:9      | Found a bloodstained altar of Trog.
  7352 | D:9      | Reached ** piety under Makhleb
  7366 | D:9      | Found a runed translucent gate.
  7366 | D:9      | Found a runed translucent gate.
  7366 | D:9      | Found a runed translucent gate.
  7367 | D:9      | Noticed mojasp's ghost (novice DsFi)
  7489 | D:9      | Reached skill level 5 in Dodging
  7524 | D:9      | Reached skill level 10 in Axes
  7629 | D:9      | Found Xaetzeawk's Antique Weapon Shop.
  7629 | D:9      | Found a hide-covered altar of Uskayaw.
  7853 | D:9      | Reached *** piety under Makhleb
  8121 | D:10     | Entered Level 10 of the Dungeon
  8141 | D:10     | Reached skill level 1 in Invocations
  8310 | D:10     | Reached skill level 1 in Maces & Flails
  8374 | D:10     | Found an ancient bone altar of Kikubaaqudgha.
  8835 | D:10     | Noticed a two-headed ogre
  8851 | D:10     | Killed a two-headed ogre
  8852 | D:10     | Reached skill level 8 in Shields
  9262 | D:11     | Noticed a cyclops
  9262 | D:11     | Noticed a gargoyle
  9269 | D:11     | Killed a cyclops
  9270 | D:11     | Reached XP level 11. HP: 89/99 MP: 7/7
  9306 | D:11     | Reached **** piety under Makhleb
  9517 | D:11     | Found a staircase to the Orcish Mines.
  9831 | D:11     | Found a roughly hewn altar of Beogh.
 10174 | Lair:1   | Entered Level 1 of the Lair of Beasts
 10724 | Lair:1   | Found a runed translucent gate.
 10724 | Lair:1   | Found a runed translucent gate.
 10725 | Lair:1   | Found a runed translucent gate.
 10725 | Lair:1   | Noticed Zero's ghost (novice SpEn)
 10726 | Lair:1   | Noticed a ten-headed hydra
 10818 | Lair:1   | Reached skill level 5 in Maces & Flails
 11571 | Lair:2   | Reached skill level 5 in Invocations
 11633 | Lair:2   | Found a staircase to the Snake Pit.
 11653 | Lair:2   | Reached skill level 9 in Shields
 11949 | Lair:2   | Noticed an oklob plant
 11975 | Lair:2   | Reached XP level 12. HP: 110/110 MP: 10/10
 12290 | Lair:2   | Noticed an eight-headed hydra
 12297 | Lair:2   | Killed an eight-headed hydra
 12836 | Lair:3   | Reached ***** piety under Makhleb
 12844 | Lair:3   | Found a staircase to the Shoals.
 13068 | Lair:3   | Noticed a seven-headed hydra
 13086 | Lair:3   | Killed a seven-headed hydra
 13724 | Lair:4   | Noticed Vufrucs's ghost (journeyman DrTm)
 13737 | Lair:4   | Found a runed translucent gate.
 13737 | Lair:4   | Found a runed translucent gate.
 13739 | Lair:4   | Found a runed translucent gate.
 14569 | Lair:5   | Reached skill level 10 in Armour
 14569 | Lair:5   | Reached skill level 10 in Shields
 14639 | Lair:5   | Reached skill level 5 in Evocations
 14789 | Lair:5   | Reached XP level 13. HP: 118/118 MP: 12/12
 15099 | Lair:5   | Noticed Nessos
 15104 | Lair:5   | Killed Nessos
 15487 | Lair:6   | Entered Level 6 of the Lair of Beasts
 16139 | Lair:6   | Found a staircase to the Slime Pits.
 17277 | Orc:1    | Entered Level 1 of the Orcish Mines
 17316 | D:11     | Reached ****** piety under Makhleb
 17554 | Orc:2    | Entered Level 2 of the Orcish Mines
 17554 | Orc:2    | Found a frozen archway.
 17619 | IceCv    | Entered an ice cave
 17682 | IceCv    | Reached skill level 10 in Maces & Flails
 17810 | IceCv    | Gained mutation: You resist negative energy. (rN+) [Deep
                  | Dwarf growth]
 17810 | IceCv    | Reached XP level 14. HP: 125/129 MP: 14/14
 17993 | IceCv    | Reached skill level 11 in Shields
 18211 | IceCv    | Got a warped cloak
 18222 | IceCv    | Identified the cursed +0 cloak "Bunaops" {Rampage} (You
                  | found it in an ice cave)
 18262 | IceCv    | Noticed a frost giant
 18291 | IceCv    | Killed a frost giant
 18394 | IceCv    | Got a translucent lead amulet
 18405 | IceCv    | Identified the amulet "Liebiwn" {Reflect rF- rN++ Str+3
                  | SH+5} (You found it in an ice cave)
 18598 | Orc:2    | Found a staircase to the Elven Halls.
 18644 | Orc:1    | Found Cuellan's Assorted Antiques.
 18931 | Orc:2    | Noticed Snorg
 19009 | Orc:2    | Killed Snorg
 19314 | Orc:2    | Reached skill level 10 in Dodging
 19315 | Orc:2    | Reached skill level 10 in Invocations
 19360 | Orc:2    | Reached skill level 12 in Shields
 19372 | Orc:2    | HP: 6/130 [ogre mage/crystal spear (32)]
 19567 | Orc:2    | Found Epniepoh's Assorted Antiques.
 19567 | Orc:2    | Found Hedotzog's Assorted Antiques.
 19567 | Orc:2    | Found Ore Geog's Gadget Shop.
 19567 | Orc:2    | Found Wecw's Assorted Antiques.
 19618 | Orc:2    | Bought a fizzy silvery potion for 27 gold pieces
 19618 | Orc:2    | Bought a scroll of identify for 62 gold pieces
 19619 | Orc:2    | Bought an emerald ring for 155 gold pieces
 19779 | D:8      | Bought a distressingly furry plate armour for 644 gold
                  | pieces
 19797 | D:8      | Identified the +9 plate armour of Negation {Str+4 Dex+4}
                  | (You bought it in a shop on level 8 of the Dungeon)
 19916 | D:12     | Noticed Erolcha
 19918 | D:12     | Killed Erolcha
 19919 | D:12     | Reached skill level 10 in Fighting
 19970 | D:12     | Noticed Gastronok
 19985 | D:12     | Killed Gastronok
 19986 | D:12     | Reached XP level 15. HP: 138/138 MP: 14/14
 20019 | D:12     | Noticed Josephine
 20048 | D:12     | Killed Josephine
 20404 | D:12     | Found a large runed translucent door.
 20406 | D:12     | Found a large runed translucent door.
 20408 | D:12     | Noticed flt's ghost (journeyman MfCj)
 20909 | D:13     | Noticed Ined's ghost (journeyman MiBe)
 20910 | D:13     | Found a runed translucent door.
 20911 | D:13     | Identified the cursed +1 trident of Cheibriados {vamp,
                  | rPois}
 21722 | D:13     | Found a gate to the Vaults.
 21903 | D:13     | Reached skill level 13 in Shields
 23100 | D:15     | Entered Level 15 of the Dungeon
 23461 | D:15     | Reached XP level 16. HP: 148/148 MP: 16/16
 23873 | D:15     | Found a staircase to the Depths.
 24180 | Snake:1  | Entered Level 1 of the Snake Pit
 24303 | Snake:1  | Noticed Roxanne
 24537 | Snake:1  | Noticed Donald
 24593 | Snake:1  | Killed Donald
 24874 | Snake:1  | Noticed Aizul
 24889 | Snake:1  | Killed Aizul
 24890 | Snake:1  | Reached skill level 14 in Shields
 25263 | Snake:1  | Found a sacrificial altar of Ru.
 25310 | Snake:1  | Noticed Rupert
 25330 | Snake:1  | Killed Rupert
 26855 | Snake:2  | You fall into a shaft and drop 1 floor!
 27426 | Snake:3  | Reached XP level 17. HP: 157/157 MP: 17/17
 29073 | Snake:4  | Entered Level 4 of the Snake Pit
 29172 | Snake:3  | Reached skill level 15 in Shields
 29545 | Snake:4  | Noticed Vashnia
 29595 | Snake:4  | Killed Vashnia
 30400 | Snake:4  | Gained mutation: You passively map a large area around you.
                  | [Deep Dwarf growth]
 30400 | Snake:4  | Reached XP level 18. HP: 166/166 MP: 18/20
 30850 | Snake:4  | Reached skill level 15 in Invocations
 30897 | Snake:4  | Reached skill level 16 in Shields
 31146 | Snake:4  | Reached skill level 15 in Maces & Flails
 31159 | Snake:4  | Got a serpentine rune of Zot
 31495 | Vaults:1 | Entered Level 1 of the Vaults
 31825 | Vaults:1 | Identified the +6 short sword of Somewhere Else {vorpal,
                  | +Rage rElec Str-4}
 31853 | Vaults:1 | Identified a scroll of acquirement
 32018 | Vaults:1 | Reached skill level 17 in Shields
 32263 | Vaults:1 | Found Joimn's Antique Armour Boutique.
 32489 | Vaults:1 | Reached skill level 18 in Shields
 32726 | Vaults:1 | Reached XP level 19. HP: 175/175 MP: 21/21
 33166 | Vaults:1 | Found a roughly hewn altar of Beogh.
 33498 | Vaults:1 | Reached skill level 19 in Shields
 34396 | Vaults:2 | Reached skill level 20 in Shields
 34773 | Vaults:2 | Acquired a +2 pair of gloves of strength
 35357 | Vaults:3 | Reached skill level 21 in Shields
 35682 | Vaults:3 | Reached XP level 20. HP: 177/182 MP: 22/22
 36003 | Vaults:3 | Found a staircase to the Crypt.
 36205 | Vaults:3 | Reached skill level 22 in Shields
 36924 | Vaults:4 | Found a portal to a secret trove of treasure.
 36933 | Vaults:4 | Noticed Saint Roka
 36970 | Vaults:4 | Killed Saint Roka
 37057 | Vaults:4 | Identified the cursed +1 war axe of Purpose {freeze, Str+4}
                  | (You found it on level 4 of the Vaults)
 37204 | Vaults:4 | Identified the +0 battleaxe of Terra Cotta {spect, Will+
                  | Str+4 Dex+2}
 37205 | Vaults:4 | Identified the +0 battleaxe of Terra Cotta {spect, Will+
                  | Str+4 Dex+2}
 37318 | Vaults:4 | Acquired a manual of Axes
 37364 | Vaults:4 | Reached skill level 23 in Shields
 38099 | Vaults:4 | Found Qol Toqa's Assorted Antiques.
 38123 | Vaults:4 | Bought a scroll of holy word for 180 gold pieces
 38506 | D:3      | Killed Majorwet's ghost
 38706 | D:9      | Killed mojasp's ghost
 38795 | D:12     | Killed flt's ghost
 38860 | D:13     | Killed Ined's ghost
 39066 | Lair:1   | Killed Zero's ghost
 39077 | Lair:1   | Got a transparent double sword
 39078 | Lair:1   | Identified the +7 double sword "Juluothri" {holy, Stlth+}
                  | (You found it on level 1 of the Lair of Beasts)
 39342 | Lair:4   | Killed Vufrucs's ghost
 39837 | Vaults:1 | Bought a runed scarf for 224 gold pieces
 40106 | Shoals:1 | Entered Level 1 of the Shoals
 40664 | Shoals:1 | Reached XP level 21. HP: 190/190 MP: 23/23
 41266 | Shoals:2 | Found a runed translucent door.
 41601 | Shoals:2 | Noticed Ilsuiw
 41611 | Shoals:2 | Killed Ilsuiw
 43030 | Shoals:4 | Entered Level 4 of the Shoals
 43491 | Shoals:4 | Got a barnacled rune of Zot
 44419 | Depths:1 | Entered Level 1 of the Depths
 44478 | Depths:1 | Found Seonlaox's Assorted Antiques.
 44478 | Depths:1 | Found Xiellopp's Distillery.
 44660 | Depths:1 | Reached skill level 24 in Shields
 44681 | Depths:1 | Bought a scroll of brand weapon for 920 gold pieces
 44815 | Depths:1 | Acquired 685 gold pieces
 44960 | Depths:1 | Noticed a caustic shrike
 44975 | Depths:1 | Killed a caustic shrike
 45022 | Depths:1 | Identified the amulet of Ytysuri {Inacc Stlth+} (You found
                  | it on level 1 of the Depths)
 45029 | Depths:1 | Identified the Catalogue of the Invisible Emperors
 45144 | Depths:1 | Found a gateway to Hell.
 45640 | Depths:2 | Reached skill level 15 in Axes
 45964 | Depths:2 | Reached XP level 22. HP: 201/201 MP: 25/25
 46718 | Depths:2 | Noticed a golden dragon
 46745 | Depths:2 | Killed a golden dragon
 46817 | Depths:2 | Identified the Collected Works on Destructive
                  | Transformation
 47484 | Vaults:5 | Entered Level 5 of the Vaults
 47507 | Vaults:5 | Reached skill level 25 in Shields
 47552 | Vaults:5 | Reached skill level 15 in Armour
 47659 | Vaults:5 | Noticed a golden dragon
 47713 | Vaults:5 | Killed a golden dragon
 48231 | Vaults:5 | Identified Naoh's Grimoire of Sinister Magic and the
                  | Entourage
 48234 | Vaults:5 | Got a silver rune of Zot
 48361 | Vaults:5 | Found Pistrieff's Book Shop.
 48412 | Vaults:5 | Reached XP level 23. HP: 196/210 MP: 26/26
 48677 | Vaults:5 | Noticed an ancient lich
 48691 | Vaults:5 | Killed an ancient lich
 48735 | Vaults:5 | Reached skill level 10 in Evocations
 48795 | Vaults:5 | Identified the +6 long sword of Suomudgh {vorpal, rElec rC+
                  | Dex-3}
 48795 | Vaults:5 | Identified the +4 chain mail of the Gastropod {+Inv rN+}
 48806 | Vaults:5 | Identified the amulet "Waikiloz" {RegenMP rElec rPois rC-
                  | Str-3}
 48942 | Vaults:5 | Identified the Guide on Frigorific Dark Rituals
 48947 | Vaults:5 | Identified the cursed +0 cloak "Nokhuof" {rF++ Will+ Regen+
                  | Str+4 Stlth-} (You found it on level 5 of the Vaults)
 49603 | Orc:2    | Bought a scroll of enchant weapon for 210 gold pieces
 49603 | Orc:2    | Bought a scroll of teleportation for 84 gold pieces
 49603 | Orc:2    | Bought a scroll of holy word for 210 gold pieces
 49604 | Orc:2    | Bought a potion of heal wounds for 150 gold pieces
 49604 | Orc:2    | Bought a scroll of identify for 60 gold pieces
 49604 | Orc:2    | Bought a scroll of enchant weapon for 225 gold pieces
 49605 | Orc:2    | Bought a scroll of enchant weapon for 232 gold pieces
 49605 | Orc:2    | Bought a scroll of brand weapon for 620 gold pieces
 50223 | Depths:3 | Found a one-way gate leading to the halls of Pandemonium.
 50232 | Depths:3 | Noticed Nikola
 50464 | Elf:1    | Entered Level 1 of the Elven Halls
 50471 | Elf:1    | Found a flickering gateway to a bazaar.
 50481 | Bazaar   | Entered a bazaar
 50481 | Bazaar   | Found Zienisk's Armour Boutique.
 50481 | Bazaar   | Found Ruurch's Distillery.
 50481 | Bazaar   | Found Vaojaduwn's Magic Scroll Shop.
 50481 | Bazaar   | Found Yfaufei's Weapon Boutique.
 50481 | Bazaar   | Found Zuthrysch's Antique Armour Boutique.
 50498 | Bazaar   | Bought the cursed +0 helmet of the Blind Marksman {rElec}
                  | for 217 gold pieces
 50512 | Bazaar   | Bought 2 scrolls of holy word for 240 gold pieces
 50512 | Bazaar   | Bought a scroll of enchant weapon for 120 gold pieces
 50512 | Bazaar   | Bought a scroll of teleportation for 48 gold pieces
 50514 | Bazaar   | Bought an encrusted helmet for 285 gold pieces
 50526 | Bazaar   | Identified the cursed +0 helmet of Resourcefulness {Will+
                  | Str+4 Dex+2} (You bought it in a shop in a bazaar)
 50537 | Bazaar   | Bought 2 potions of cancellation for 112 gold pieces
 50537 | Bazaar   | Bought 2 potions of heal wounds for 70 gold pieces
 50545 | Bazaar   | Bought a scroll of magic mapping for 56 gold pieces
 50871 | Elf:1    | Found a magical portal.
 50900 | Elf:1    | Reached skill level 15 in Dodging
 50988 | WizLab   | Entered The Chambers of the Cloud Mage
 51692 | WizLab   | Got a glittering granite ring
 51694 | WizLab   | Identified the ring "Orheetho" {*Corrode +Fly rPois Str+8
                  | Dex-3} (You found it in a wizard's laboratory)
 51695 | WizLab   | Identified Guhem's Incunabulum of Summoning
 51704 | WizLab   | Identified the Collected Works on Feathers
 51709 | WizLab   | Got a pitted iron ring
 51710 | WizLab   | Identified the ring of Ziadyo {+Fly Will+ Str+3 Int-4} (You
                  | found it in a wizard's laboratory)
 52563 | Elf:2    | Found a huge runed translucent gate.
 52563 | Elf:2    | Found a huge runed translucent gate.
 52563 | Elf:2    | Found a huge runed translucent gate.
 52563 | Elf:2    | Found a huge runed translucent gate.
 52563 | Elf:2    | Found a huge runed translucent gate.
 52918 | Orc:1    | Bought a potion of curing for 105 gold pieces
 52918 | Orc:1    | Bought a potion of haste for 350 gold pieces
 52918 | Orc:1    | Bought a scroll of teleportation for 105 gold pieces
 52918 | Orc:1    | Bought a potion of curing for 105 gold pieces
 52918 | Orc:1    | Bought a scroll of teleportation for 105 gold pieces
 53137 | Depths:1 | Bought a potion of mutation for 144 gold pieces
 53137 | Depths:1 | Bought a potion of mutation for 144 gold pieces
 53181 | Depths:3 | Noticed a juggernaut
 53198 | Depths:3 | Found a bloodstained altar of Trog.
 53199 | Depths:3 | Found the cursed necklace of Bloodlust {*Rage +Rage Will++
                  | Int-3 Slay+6 *Curse}
 53415 | Depths:3 | Killed Nikola
 53825 | Depths:3 | Found a transporter.
 53891 | Depths:4 | Found a gateway to a ziggurat.
 54076 | Depths:4 | Reached XP level 24. HP: 220/220 MP: 27/27
 54306 | Depths:4 | Gained mutation: Your spells are a little easier to cast,
                  | but a little less powerful. [a neqoxec]
 54311 | Depths:4 | Gained mutation: You occasionally shout uncontrollably at
                  | your foes. [a neqoxec]
 54544 | Depths:4 | Identified the +10 mace "Kimisog" {chaos, rC+}
 54624 | Depths:4 | Noticed a juggernaut
 54639 | Depths:4 | Killed a juggernaut
 54807 | Depths:4 | Found the +27 Lear's hauberk
 54979 | Depths:4 | Acquired a manual of Fighting
 55129 | Depths:4 | Found the +3 salamander hide armour {Flames rF++ rC--}
 55457 | Depths:5 | Entered Level 5 of the Depths
 55542 | Depths:5 | Gained mutation: You are occasionally teleported next to
                  | monsters. [a neqoxec]
 55548 | Depths:5 | Lost mutation: You occasionally shout uncontrollably at
                  | your foes. [potion of mutation]
 55548 | Depths:5 | Lost mutation: Your spells are a little easier to cast, but
                  | a little less powerful. [potion of mutation]
 55548 | Depths:5 | Lost mutation: You are occasionally teleported next to
                  | monsters. [potion of mutation]
 55548 | Depths:5 | Gained mutation: Your mind is acute. (Int +2) [potion of
                  | mutation]
 55548 | Depths:5 | Gained mutation: Scrolls take you a little longer to read.
                  | [potion of mutation]
 55548 | Depths:5 | Gained mutation: You have sharp fingernails. [potion of
                  | mutation]
 55549 | Depths:5 | Lost mutation: Scrolls take you a little longer to read.
                  | [potion of mutation]
 55549 | Depths:5 | Lost mutation: Your mind is acute. (Int +2) [potion of
                  | mutation]
 55549 | Depths:5 | Gained mutation: You are partially covered in large bone
                  | plates. (SH +4) [potion of mutation]
 55549 | Depths:5 | Gained mutation: You are partially covered in rugged brown
                  | scales. (AC +1, +3% HP) [potion of mutation]
 56532 | Depths:5 | Found a gate to the Realm of Zot.
 56574 | Zot:1    | Entered Level 1 of the Realm of Zot
 56764 | Zot:1    | Found a runed translucent door.
 56764 | Zot:1    | Noticed Netemen's ghost (master GnFi)
 56874 | Zot:1    | Reached skill level 15 in Fighting
 57017 | Zot:1    | Identified the ring "Jyuf" {Str-5 Dex+7 Stlth-}
 57300 | Zot:1    | Reached XP level 25. HP: 242/242 MP: 27/27
 57365 | Zot:1    | Noticed a shard shrike
 57380 | Zot:1    | Killed a shard shrike
 57424 | Zot:1    | Identified Sif Muna's Tome of Creative Darkness
 57616 | Zot:1    | Found a transporter.
 58074 | Zot:1    | Found a transporter.
 59741 | Zot:3    | You fall into a shaft and drop 1 floor!
 60447 | Zot:3    | Noticed an orb of fire
 60453 | Zot:3    | Gained mutation: You are frail. (-10% HP) [an orb of fire]
 60458 | Zot:3    | Gained mutation: Your spells are a little easier to cast,
                  | but a little less powerful. [an orb of fire]
 60474 | Zot:3    | Gained mutation: Scrolls take you a little longer to read.
                  | [an orb of fire]
 60475 | Zot:3    | Killed an orb of fire
 60476 | Zot:3    | Reached XP level 26. HP: 185/234 MP: 27/27
 61677 | Zot:5    | Entered Level 5 of the Realm of Zot
 62382 | Zot:5    | Noticed an ancient lich
 62392 | Zot:5    | Killed an ancient lich
 62402 | Zot:5    | Lost mutation: Scrolls take you a little longer to read.
                  | [potion of mutation]
 62402 | Zot:5    | Lost mutation: Your spells are a little easier to cast, but
                  | a little less powerful. [potion of mutation]
 62402 | Zot:5    | Gained mutation: You are partially covered in thin metallic
                  | scales. (AC +2) [potion of mutation]
 62402 | Zot:5    | Gained mutation: You have a pair of small horns on your
                  | head. [potion of mutation]
 62402 | Zot:5    | Gained mutation: You have sharp toenails. [potion of
                  | mutation]
 62403 | Zot:5    | Lost mutation: You have a pair of small horns on your head.
                  | [potion of mutation]
 62403 | Zot:5    | Lost mutation: You are frail. (-10% HP) [potion of
                  | mutation]
 62403 | Zot:5    | Lost mutation: You are partially covered in rugged brown
                  | scales. (AC +1, +3% HP) [potion of mutation]
 62403 | Zot:5    | Gained mutation: You have razor-sharp toenails. [potion of
                  | mutation]
 62403 | Zot:5    | Gained mutation: Your mind is acute. (Int +2) [potion of
                  | mutation]
 62403 | Zot:5    | Gained mutation: Your muscles are strong. (Str +2) [potion
                  | of mutation]
 62508 | Zot:5    | Noticed an orb of fire
 62508 | Zot:5    | Noticed an orb of fire
 62512 | Zot:5    | Gained mutation: You are clumsy. (Dex -2) [an orb of fire]
 62516 | Zot:5    | Noticed an orb of fire
 62517 | Zot:5    | Gained mutation: You occasionally shout uncontrollably at
                  | your foes. [an orb of fire]
 62518 | Zot:5    | Noticed an orb of fire
 62530 | Zot:5    | Gained mutation: You are frail. (-10% HP) [an orb of fire]
 62531 | Zot:5    | Killed an orb of fire
 62535 | Zot:5    | Noticed an orb of fire
 62539 | Zot:5    | Gained mutation: You tend to lose your temper in combat.
                  | [an orb of fire]
 62541 | Zot:5    | Lost mutation: Your muscles are strong. (Str +2) [an orb of
                  | fire]
 62541 | Zot:5    | Gained mutation: Your body sometimes deteriorates upon
                  | taking damage. [an orb of fire]
 62542 | Zot:5    | Killed an orb of fire
 62543 | Zot:5    | Gained mutation: Scrolls take you a little longer to read.
                  | [an orb of fire]
 62543 | Zot:5    | Gained mutation: Your body often deteriorates upon taking
                  | damage. [an orb of fire]
 62544 | Zot:5    | Noticed an orb of fire
 62552 | Zot:5    | Killed an orb of fire
 62559 | Zot:5    | Noticed an ancient lich
 62563 | Zot:5    | Killed an orb of fire
 62564 | Zot:5    | Reached XP level 27. HP: 225/235 MP: 28/28
 62565 | Zot:5    | Gained mutation: Your spells are a little easier to cast,
                  | but a little less powerful. [an orb of fire]
 62571 | Zot:5    | Killed an ancient lich
 62572 | Zot:5    | Killed an orb of fire
 62574 | Zot:5    | Gained mutation: Your spells are easier to cast, but less
                  | powerful. [an orb of fire]
 62581 | Zot:5    | Gained mutation: You are very frail. (-20% HP) [an orb of
                  | fire]
 62588 | Zot:5    | Gained mutation: You are occasionally teleported next to
                  | monsters. [an orb of fire]
 62590 | Zot:5    | Killed an orb of fire
 62596 | Zot:5    | Lost mutation: You are clumsy. (Dex -2) [potion of
                  | mutation]
 62596 | Zot:5    | Lost mutation: Scrolls take you a little longer to read.
                  | [potion of mutation]
 62596 | Zot:5    | Lost mutation: Your mind is acute. (Int +2) [potion of
                  | mutation]
 62596 | Zot:5    | Gained mutation: Your mind is acute. (Int +2) [potion of
                  | mutation]
 62596 | Zot:5    | Gained mutation: You are covered in fur. (AC +1) [potion of
                  | mutation]
 62597 | Zot:5    | Lost mutation: You are very frail. (-20% HP) [potion of
                  | mutation]
 62597 | Zot:5    | Lost mutation: You occasionally shout uncontrollably at
                  | your foes. [potion of mutation]
 62597 | Zot:5    | Lost mutation: You are partially covered in thin metallic
                  | scales. (AC +2) [potion of mutation]
 62597 | Zot:5    | Lost mutation: Your spells are easier to cast, but less
                  | powerful. [potion of mutation]
 62597 | Zot:5    | Gained mutation: You expend magic power (3 MP) to
                  | strengthen your wands. [potion of mutation]
 62899 | Zot:5    | Noticed an orb of fire
 62910 | Zot:5    | Killed an orb of fire
 62913 | Zot:5    | Noticed an orb of fire
 62921 | Zot:5    | Gained mutation: Scrolls take you a little longer to read.
                  | [an orb of fire]
 62921 | Zot:5    | Killed an orb of fire
 62961 | Zot:5    | Noticed an orb of fire
 62964 | Zot:5    | Noticed an orb of fire
 62977 | Zot:5    | Gained mutation: Scrolls take you longer to read. [an orb
                  | of fire]
 62978 | Zot:5    | Gained mutation: Armour fits poorly on your strangely
                  | shaped body. [an orb of fire]
 62981 | Zot:5    | Gained mutation: You often lose your temper in combat. [an
                  | orb of fire]
 62997 | Zot:5    | Killed an orb of fire
 62998 | Zot:5    | Reached skill level 15 in Evocations
 63000 | Zot:5    | Killed an orb of fire
 63104 | Zot:5    | Got the Orb of Zot
 63197 | Zot:1    | Noticed Upnempy the pandemonium lord
 63225 | Zot:1    | Gained mutation: You are very frail. (-20% HP) [a neqoxec]
 63239 | Zot:1    | Killed Upnempy the pandemonium lord
 63541 | D:14     | Noticed Waja the pandemonium lord
 63574 | D:14     | Killed Waja the pandemonium lord
 63841 | D:$      | Escaped with the Orb!

Illustrated notes

Levels and vault maps discovered:
D:1:      lemuel_arrival_behind_the_door_large, layout_rooms, serial_forest,
          infiniplex_forest_straight_5, infiniplex_forest_clump_small,
          infiniplex_forest_clump_long, infiniplex_forest_clump_curved,
          infiniplex_forest_lined_3, infiniplex_forest_clump_medium,
          infiniplex_forest_pool, infiniplex_forest_lined_3_way,
          infiniplex_forest_join
D:2:      layout_basic
D:3:      layout_rooms, ebering_ghost_gozag
D:4:      layout_rooms, amcnicky_altar_lugonu_corruption, uniq_natasha
D:5:      layout_basic, solitary_fountain, chequers_big_river,
          serial_bayou_ford_a, grunt_decor_mini_mirrors,
          minmay_a_box_with_orc_wizards_in_it, uniq_edmund
D:6:      layout_rooms, zin_angel, minmay_temple_entry_grid,
          amcnicky_mini_rare_corridor_liquid, uniq_sigmund, uniq_prince_ribbit1
D:7:      layout_loops_ring, serial_glass, glass_columns_a, glass_columns_b,
          uniq_harold, uniq_crazy_yiuf_cottage
D:8:      layout_cave_pools, lair_entry_dummy, serial_shops, shop,
          enter_bailey_7
D:9:      layout_roguey, serial_shops, shop_fountains,
          ebering_ghost_rock_garden, minmay_misc_feat_plants,
          hangedman_feature_mirror
D:10:     layout_stronghold, tgw_kikubaaqudgha
D:11:     layout_irregular_city, minmay_orc_entry_temple_small
D:12:     layout_small_grid, ebering_ghost_disaster_area, uniq_gastronok,
          uniq_josephine, uniq_erolcha
D:13:     layout_long_grid, hangedman_vaults_entry_quadrant_bands,
          ebering_ghost_funeral_grove, minmay_joined_circles
D:14:     layout_loops_corners, minmay_misc_feat_more_columns
D:15:     grunt_enter_depths_magical_seal, layout_loops_ring
Temple:   kilobyte_greek_temple
Lair:1:   layout_layer_cave, gammafunk_ghost_hydra_chop, grunt_megastairs_5,
          infiniplex_staircase_pool_2
Lair:2:   layout_cave_shapes, guppyfry_snake_entry_island,
          minmay_lair_oklob_chamber, lemuel_fruit_tree
Lair:3:   layout_cave_pods, minmay_shoals_entry_centaurs
Lair:4:   layout_regular_city, gammafunk_ghost_split, serial_bayou_shore_b
Lair:5:   layout_cave_pods, uniq_nessos
Lair:6:   grunt_lair_end_beastmaster, layout_misc_corridors, slime_dummy,
          gammafunk_lair_bear_cave, grunt_megastairs_3
Shoals:1: layout_shoals, st_cyclops
Shoals:2: layout_shoals, abandoned_shop, lightli_airlock, uniq_ilsuiw
Shoals:3: layout_shoals, abandoned_shop
Shoals:4: shoals_end_simple, layout_shoals
Snake:1:  layout_onion_interference, basic_altar, serial_bayou_pond_d,
          uniq_donald, uniq_aizul, uniq_roxanne, uniq_rupert
Snake:2:  layout_chambers, grunt_ministairs_10
Snake:3:  layout_layer_cave, hangedman_snake_corridor_split
Snake:4:  grunt_snake_rune_spirals, layout_onion_interference,
          hangedman_venom_bottle, serial_bayou_shore_a, uniq_vashnia
Orc:1:    layout_diamond_mine, serial_shops, nicolae_shop_crystal
Orc:2:    st_orc_ogre_mass, layout_diamond_mine,
          portal_ice_cave_entry_ice_beasts, uniq_snorg
Elf:1:    layout_gridlike, serial_shops, freezing_bzr, mu_enter_wizlab_1,
          minivault_28, minivault_8
Elf:2:    layout_rooms, palyth_stone_intersect
Vaults:1: grunt_vaults_trifunnel, ontoclasm_vaults_tryst,
          nicolae_vaults_network_s, special_room_vaults [special_room_orc],
          vaults_mumra_chevron, ontoclasm_vaults_spin, v_alt_pattern_6,
          nicolae_vaults_bisected_exclaves, hangedman_vaults_corner_blocks,
          vaults_mumra_lcd, nicolae_vaults_little_squares_6, v_rooms_1,
          v_misc_17, layout_vaults_big_cross, serial_shops, shop_statue
Vaults:2: hangedman_vaults_hat, v_misc_24, v_misc_13, st_cross,
          nicolae_vaults_three_branches, v_misc_22,
          vaults_room_grunt_arrival_checkpoint, serial_ice_h,
          nicolae_vaults_ninety_degrees, vaults_room_hallway,
          ontoclasm_vaults_idyll, nicolae_vaults_theta,
          hangedman_vaults_capsules, layout_vaults_omnibox
Vaults:3: nicolae_vaults_network_barrier, st_octagons_1,
          nicolae_vaults_little_squares_2, hangedman_vaults_nails, v_misc_8,
          hangedman_vaults_snaps, v_misc_29, v_alt_pattern_6,
          nicolae_vaults_rhombus_6, nicolae_vaults_network_quinsquares
          [nicolae_vaults_network_quincunx_subvault,
          nicolae_vaults_network_quincunx_subvault,
          nicolae_vaults_network_quincunx_subvault,
          nicolae_vaults_network_quincunx_subvault], layout_vaults_ring
Vaults:4: vaults_room_ringed_pool, vaults_mumra_hexcomb,
          vaults_room_guarded_vault, nicolae_vaults_border_crossing,
          nicolae_vaults_back_hallway, v_misc_16, vaults_room_mumra_shop_pool,
          vaults_dpeg_doors, ontoclasm_vaults_twist, layout_vaults_big_room,
          nicolae_trove_entry_isolated, uniq_saint_roka
Vaults:5
Depths:1: layout_cave_shapes, hell_entry, kennysheep_another_room,
          minmay_evil_grid, minmay_shoptagon
Depths:2: gold_lair_mu, layout_gridlike, hell_entry, abyss_entry,
          minmay_staircase_bubble
Depths:3: emtedronai_trogs_sanctum, layout_cave_pools, pan_entry, hell_entry,
          solitary_fountain, infiniplex_staircase_squiggle, uniq_nikola
Depths:4: minmay_the_grid_octo_tiled_squarecenter [minmay_the_grid_octo_toaster,
          minmay_the_grid_octo_77, minmay_the_grid_octo_thin_diamonds,
          minmay_the_grid_octo_teeth,
          minmay_the_grid_square_5x5_megaprize_hollow,
          minmay_the_grid_square_5x5_intrusive_squares,
          minmay_the_grid_square_5x5_almost_minimal,
          minmay_the_grid_square_5x5_mess, minmay_the_grid_square_5x5_empty],
          layout_basic, enter_ziggurat_f, abyss_entry_glasseish,
          chequers_serial_rivers_micro_b, lightli_too_deep,
          grunt_pan_entry_zigzag, serial_bayou_shore_b
Depths:5: grunt_bruiser_brothers, layout_gridville, rand_demon_pan_entry_1,
          hell_entry, nicolae_wwwww, eino_small_chamber_without_monster,
          serial_sigils_hangedman_snap
Zot:1:    gammafunk_dig_for_victory, layout_gridlike, gammafunk_ghost_grave,
          st_stairs_3, hangedman_zot_spectrum
Zot:2:    grunt_zot_stairs_overgrown, layout_misc_corridors
Zot:3:    nicolae_zot_stationary_front, layout_gridlike, lemuel_golem_globe
Zot:4:    kennysheep_blocky_room, layout_onion_interference
Zot:5:    layout_basic

Skill      XL: |  1  2  3  4  5  6  7  8  9 10 11 12 13 14 15 16 17 18 19 20 21 22 23 24 25 26 27 |
---------------+----------------------------------------------------------------------------------+-----
Dodging        | 1 2 4 6 7 8 9 10 11 12 13 14 15 17 18 19 20 | 20.7
Axes           | 3 4 5 6 7 9 10 11 15 16 17 | 17.8
Fighting       | 3 4 5 6 7 8 9 10 11 12 13 15 17 18 19 | 19.4
Throwing       | 1 2 |  2.0
Armour         | 4 5 6 7 8 9 10 11 12 13 14 16 18 19 20 21 22 | 22.4
Shields        | 4 5 6 7 8 9 10 12 13 14 15 18 21 23 24 25 | 25.0
Evocations     | 2 3 5 7 8 9 10 11 12 14 15 | 15.2
Invocations    | 3 5 7 9 10 11 13 14 15 17 18 19 21 22 | 22.2
Maces & Flails | 3 6 8 10 11 12 13 14 15 | 15.1

Action                   |  1- 3 |  4- 6 |  7- 9 | 10-12 | 13-15 | 16-18 | 19-21 | 22-24 | 25-27 || total
-------------------------+-------+-------+-------+-------+-------+-------+-------+-------+-------++-------
Melee: War axe           |    77 |   195 |   375 |   201 |       |       |       |       |       ||   848
       Hand axe          |       |    12 |       |    67 |       |       |       |       |       ||    79
       Morningstar       |       |       |       |  1009 |  1974 |  2391 |  2490 |  2357 |  1783 || 12004
       Battleaxe         |       |       |       |       |    20 |       |       |       |       ||    20
       Broad axe         |       |       |       |       |       |       |    19 |    98 |   186 ||   303
Throw: Dart              |       |    44 |    23 |     5 |     4 |       |       |       |       ||    76
       Stone             |       |     7 |       |       |       |       |       |       |       ||     7
Invok: Minor Destruction |       |       |       |     1 |       |       |       |       |       ||     1
       Greater Servant o |       |       |       |       |       |     2 |     2 |       |    12 ||    16
 Abil: Heal Wounds       |     1 |     3 |    14 |       |     3 |     3 |     1 |     2 |    25 ||    52
Evoke: Wand              |       |       |     6 |       |     7 |     4 |     5 |    10 |    13 ||    45
       Condenser vane    |       |       |       |     1 |     1 |     2 |     3 |     1 |     1 ||     9
       Lightning rod     |       |       |       |       |       |     2 |     1 |       |       ||     3
       Phial of floods   |       |       |       |       |       |       |     1 |     1 |       ||     2
       Phantom mirror    |       |       |       |       |       |       |       |       |     1 ||     1
  Use: Scroll            |       |     5 |     8 |     9 |    12 |     6 |    11 |    31 |    15 ||    97
       Potion            |       |       |     1 |     1 |       |     1 |     4 |     8 |    15 ||    30
 Stab: Petrified         |       |       |       |       |     9 |       |       |       |       ||     9
       Distracted        |       |       |       |       |       |       |     7 |       |     6 ||    13
       Confused          |       |       |       |       |       |       |       |    14 |     1 ||    15
       Invisible         |       |       |       |       |       |       |       |     3 |       ||     3
Armor: Scale mail        |    54 |    70 |    55 |       |       |       |       |       |       ||   179
       Chain mail        |       |    19 |    94 |   272 |   156 |       |       |       |       ||   541
       Plate armour      |       |       |       |   450 |   695 |   662 |   707 |    23 |       ||  2537
       Gold dragon scale |       |       |       |       |       |       |       |   519 |   661 ||  1180
Dodge: Dodged            |    30 |    84 |   186 |   606 |   834 |   783 |   853 |   366 |   533 ||  4275
       Repelled          |       |       |       |       |       |       |    14 |    23 |    44 ||    81
Block: Kite shield       |    45 |   120 |   249 |   958 |  1667 |  2407 |   829 |       |       ||  6275
       Other             |       |       |       |       |     9 |       |       |       |       ||     9
       Reflection        |       |       |       |       |    48 |   275 |   175 |   144 |    31 ||   673
       Tower shield      |       |       |       |       |       |       |  2173 |  2502 |  2712 ||  7387
